 Dungeon Crawl Stone Soup version 0.26-a0-837-g5a8a614f01 (webtiles) character file.

Game seed: 16926353192394726307

234 EnegeticOcto the Gusty (level 5, -3/40 HPs)
             Began as a Draconian Air Elementalist on Nov 17, 2020.
             Slain by a gnoll
             ... wielding a +2 halberd of distortion
              (19 damage)
             ... on level 4 of the Dungeon on Nov 18, 2020.
             The game lasted 00:12:22 (4733 turns).

EnegeticOcto the Gusty (Draconian Air Elementalist) Turns: 4733, Time: 00:12:23

Health: -3/40      AC:  7    Str: 11    XL:     5   Next: 75%
Magic:  6/8        EV: 12    Int: 16    God:
Gold:   153        SH:  0    Dex: 11    Spells: 3/9 levels left

rFire    . . .     SeeInvis .   d - +2 hand axe (venom)
rCold    . . .     Faith    .   (no shield)
rNeg     . . .     Spirit   .   (armour unavailable)
rPois    .         Reflect  .   (helmet restricted)
rElec    .         Harm     .   j - +1 cloak
rCorr    .         Rampage  .   (no gloves)
MR       .....                  (no boots)
Stlth    ++........             (no amulet)
HPRegen  0.13/turn              (no ring)
MPRegen  0.11/turn              (no ring)

@: swift, quick
A: unfitting armour, cold-blooded, AC +5
a: no special abilities


You were on level 4 of the Dungeon.
You visited 1 branch of the dungeon, and saw 4 of its levels.

You collected 153 gold pieces.

Inventory:

Hand Weapons
 a - a cursed -3 dagger
   (You found it on level 1 of the Dungeon)
 b - a +0 short sword
   (You took it off a kobold on level 1 of the Dungeon)
 d - a +2 hand axe of venom (weapon)
   (You took it off an orc on level 3 of the Dungeon)
Missiles
 f - 6 poisoned darts (quivered)
Armour
 j - a +1 cloak (worn)
   (You found it on level 3 of the Dungeon)
Potions
 c - 3 potions of curing {@q1 !q}
 e - a potion of resistance
 k - a potion of degeneration {unknown}
 m - a potion of mutation {unknown}


   Skills:
 + Level 1.0 Fighting
 - Level 1.7 Dodging
 - Level 3.0 Stealth
 - Level 2.5 Spellcasting
 - Level 4.0 Conjurations
 - Level 4.0 Air Magic


You had 3 spell levels left.
You knew the following spells:

 Your Spells              Type           Power        Failure   Level
a - Shock                 Conj/Air       ##..         3%          1
b - Static Discharge      Conj/Air       ##......     12%         3
V - Swiftness             Air            ##......     6%          2

Your spell library contained the following spells:

 Spells                   Type           Power        Failure   Level
 Airstrike                Air            ##........   36%         4
 Lightning Bolt           Conj/Air       ##........   71%         5


Dungeon Overview and Level Annotations

Branches:
Dungeon (4/15)
 Temple: D:4-7

Altars:
Hepliaklqana
Ru
Trog

Annotations:
D:4 Edmund


Innate Abilities, Weirdness & Mutations

Your plain brown scales are hard. (AC +5)
You cannot fit into any form of body armour.
You are cold-blooded and may be slowed by cold attacks.


Message History

There is a stone staircase leading up here.
You climb upwards.
There is a stone staircase leading down here.
You start to feel a little slower.
You feel sluggish.
You start to feel a little faster.
You no longer feel sluggish.
There is a stone staircase leading down here.
You start resting.
Magic restored.
HP restored.
You climb downwards.
Level annotation: Edmund
There is a stone staircase leading up here.
You see here a spear.
i - 2 scrolls labelled PYOMAM XEODOA (gained 1)
You open the door.
There is an open door here.
n - a scroll labelled WEITHR ULISUKKA
As you read the scroll labelled PYOMAM XEODOA, it crumbles to dust.
It is a scroll of identify.
c - a potion of curing
As you read the scroll of identify {@r1}, it crumbles to dust.
e - a potion of resistance
Found a dagger.
c - 3 potions of curing {@q1 !q} (gained 2)
You now have 153 gold pieces (gained 12).
Found a stone staircase leading down.
An orc comes into view.
An orc is nearby!
You start waiting.
An orc is nearby!
Casting: Swiftness (safe; 6% risk of failure)
Confirm with . or Enter, or press ? or * to list all spells.
Press: ? - help, Shift-Dir - straight line The zap misses the orc.
The zap hits the orc.
The orc is lightly wounded.
The orc closely misses you.
An orc wizard comes into view. It is wielding a +0 dagger.
You closely miss the orc.
The orc is lightly wounded.
An orc comes into view. It is wielding a +0 whip.
The orc hits you but does no damage.
The orc shouts!
You hit the orc.
The orc is almost dead.
You hear a shout!
The orc closely misses you. The orc hits you.
An orc and an orc priest come into view.
The orc priest shouts!
The orc wizard mumbles some strange words.
The orc wizard flickers and vanishes!
Deactivating autopickup; reactivate with Ctrl-A.
The orc priest invokes the aid of Beogh against you.
Beogh smites you!
You slash the orc!
You kill the orc!
Training target 2.5 for Spellcasting reached!
You need to enable at least one skill for training.
As you read the scroll labelled OSAAHO AFOA, it crumbles to dust.
You feel blessed for a moment.
It was a scroll of remove curse.
As you read the scroll labelled PUTZEZO NYNT, it crumbles to dust.
You feel aware of your surroundings.
It was a scroll of magic mapping.
The orc barely misses you.
As you read the scroll labelled FEOJEA WAWOTI, it crumbles to dust.
You feel strangely unstable.
It was a scroll of teleportation.
The orc hits you with a +0 whip.
You hear some strange, mumbled words.
A magic dart appears from out of thin air!
The magic dart hits you!
Your surroundings suddenly seem different.
Splash!
You fall into the shallow water.
Moving in this stuff is going to be slow.
A gnoll comes into view. It is wielding a +0 halberd.
The gnoll shouts!
The orc priest shouts!
A gnoll comes into view.
It is wielding a +2 halberd of distortion.
The gnoll shouts!
You hear a shout!
A gnoll comes into view. It is wielding a +0 club.
You hear an angry hiss.
Okay, then.
Okay, then.
As you read the scroll labelled WEITHR ULISUKKA, it crumbles to dust.
It is a scroll of enchant armour.
Your +0 cloak glows green for a moment.
An iguana comes into view.
Okay, then.
You aren't carrying any scrolls.
Unknown command.
Casting: Shock (safe; 3% risk of failure)
Confirm with . or Enter, or press ? or * to list all spells.
Press: ? - help, Shift-Dir - straight line
Okay, then.
Casting: Shock (safe; 3% risk of failure)
Confirm with . or Enter, or press ? or * to list all spells.
You feel quick. The gnoll closely misses you.
The orc priest casts a cantrip, but nothing happens.
The gnoll closely misses you. The gnoll hits you but does no damage.
Space warps horribly around you!!
You die...

*,,,,,,,,,,,,,,',*******
*,,,,,,,.$.....*,*,,,,,*
****,.o........*,*,***,*
*,,.........*,,,* *,* ***
*,,.......,,***** *,* *,*
****o....,,,* *,* **,*
*..(#####*******,* ,,,*
######.......,,<,,,,,* ,,,*
#....@.#****,********* ,,,*
#....g.# *,# ,,,* #...gg.####*.#
,***** ##.≈o.≈≈≈.##.# ****
≈≈≈≈≈** #≈≈♣.♣.......# *,,,
≈≈≈≈≈≈*** #####≈.≈≈♣.≈### *,**
≈≈≈≈≈≈≈≈* #..≈♣.....≈≈### ****,*
≈≈≈≈≈≈*** *#.≈≈♣#≈l≈....# *,,,,*
≈,********##♣.≈.≈...≈...###.*****


You could see an iguana, an orc priest and 3 gnolls.

Vanquished Creatures
  A scorpion (D:4)
  A worker ant (D:4)
  4 gnolls (D:3)
  2 adders (D:2)
  2 worms
  4 dart slugs
  6 orcs
  A ball python (D:3)
  10 bats
  8 goblins
  10 hobgoblins
  7 jackals
  3 quokkas
  5 frilled lizards
  13 kobolds
  9 rats
86 creatures vanquished.

Notes
Turn   | Place    | Note
-------+----------+-------------------------------------------
     0 | D:1      | EnegeticOcto the Draconian Air Elementalist began the quest
                  | for the Orb.
     0 | D:1      | Reached XP level 1. HP: 14/14 MP: 3/3
     0 | D:1      | Upgraded the game from 0.26-a0-835-g8259106e14 to
                  | 0.26-a0-837-g5a8a614f01
   130 | D:1      | Reached skill level 2 in Stealth
   363 | D:1      | Reached XP level 2. HP: 20/20 MP: 0/5
   665 | D:1      | Reached skill level 2 in Conjurations
   994 | D:1      | Reached XP level 3. HP: 25/26 MP: 1/6
  1124 | D:1      | Reached skill level 3 in Stealth
  1127 | D:1      | Learned a level 2 spell: Swiftness
  1131 | D:1      | Learned a level 3 spell: Static Discharge
  1920 | D:2      | Found a hazy altar of Hepliaklqana.
  2409 | D:2      | Reached XP level 4. HP: 33/33 MP: 4/7
  3192 | D:3      | Found a sacrificial altar of Ru.
  3498 | D:3      | Reached skill level 3 in Conjurations
  3974 | D:3      | Reached skill level 4 in Air Magic
  3982 | D:3      | Reached XP level 5. HP: 39/39 MP: 1/8
  4005 | D:3      | Reached skill level 1 in Fighting
  4115 | D:4      | Found a bloodstained altar of Trog.
  4246 | D:4      | Reached skill level 4 in Conjurations
  4329 | D:4      | Noticed Edmund
  4733 | D:4      | Slain by a gnoll

Illustrated notes

Levels and vault maps discovered:
D:1:      scummos_arrival_simple_fountains, layout_loops_corners
D:2:      layout_loops_corners, nicolae_overflow_crystal_walls
D:3:      layout_loops_ring, hangedman_ru_absence, minmay_tree_intersection
D:4:      layout_basic, serial_rivers, chequers_serial_rivers_large_a,
          chequers_serial_rivers_micro_b, chequers_serial_rivers_marsh,
          chequers_serial_rivers_room_b, chequers_serial_rivers_large_b,
          chequers_serial_rivers_marsh, bloody_trog, uniq_edmund

Skill      XL: |  1  2  3  4  5 |
---------------+----------------+-----
Stealth        | 2 3 |  3.0
Conjurations   | 2 3 4 |  4.0
Air Magic      | 4 |  4.0
Fighting       | 1 |  1.0
Dodging        | |  1.7
Spellcasting   | |  2.5

Action                   |  1- 3 |  4- 6 || total
-------------------------+-------+-------++-------
Melee: Unarmed           |     2 |       ||     2
       Short sword       |     7 |     3 ||    10
       Tailslap          |     1 |     1 ||     2
       Hand axe          |       |    14 ||    14
Throw: Dart              |       |    37 ||    37
 Cast: Shock             |    93 |    82 ||   175
       Swiftness         |       |     2 ||     2
  Use: Scroll            |       |     8 ||     8
 Stab: Sleeping          |     1 |     1 ||     2
Armor: Skin              |     7 |    19 ||    26
Dodge: Dodged            |    16 |    27 ||    43

Table legend: (Time is in decaauts)
 A = Elapsed time spent in this place.
 B = Non-inter-level travel time spent in this place.
 C = Inter-level travel time spent in this place.
 D = Time resting spent in this place.
 E = Time spent auto-exploring this place.
 F = Levels seen in this place.
 G = Mean time per level.
                   A        B        C        D        E       F      G
               +--------+--------+--------+--------+--------+-----+--------+
         Total |   4740 |   4625 |    115 |    362 |   3577 |   4 | 1185.0 |
       Dungeon |   4740 |   4625 |    115 |    362 |   3577 |   4 | 1185.0 |
               +--------+--------+--------+--------+--------+-----+--------+

Top non-repeatable levels by time:
     D:1: 1747 daAuts
     D:3: 1424 daAuts
     D:2: 1186 daAuts
     D:4: 383 daAuts
